 Dungeon Crawl Stone Soup version 0.31-a0-1072-g202bf7ea07 (webtiles) character file.

Game seed: 6386558266313630382

13131 Jannitor the Fighter (level 12, -1/94 HPs)
             Began as a Human Delver on Nov 24, 2023.
             Was a Follower of Uskayaw.
             Killed from afar by a rime drake (24 damage)
             ... with an icy flash freeze
             ... on level 2 of the Lair of Beasts on Nov 26, 2023.
             The game lasted 00:22:33 (13118 turns).

Jannitor the Fighter (Human Delver)                Turns: 13118, Time: 00:22:33

Health: -1/94      AC:  9    Str: 15    XL:     12   Next: 28%
Magic:  17/17      EV: 14    Int: 12    God:    Uskayaw [*.....]
Gold:   353        SH: 10    Dex: 16    Spells: 11/16 levels left

rFire   + . .        t - +6 rapier (venom)
rCold   . . .        A - +2 kite shield
rNeg    . . .        r - +0 steam dragon scales
rPois   +            d - +0 helmet
rElec   .            q - +0 cloak
rCorr   .            (no gloves)
SInv    .            (no boots)
Will    .....        (no amulet)
Stlth   ++++         p - ring of poison resistance
HPRegen 0.35/turn    l - ring of protection from fire
MPRegen 0.15/turn

%: no passive effects
@: no status effects
A: no striking features
a: Renounce Religion, Stomp


You were on level 2 of the Lair of Beasts.
You worshipped Uskayaw.
Uskayaw was noncommittal.
You visited 3 branches of the dungeon, and saw 13 of its levels.

You collected 520 gold pieces.
You spent 167 gold pieces at shops.

Inventory:

Hand Weapons
 f - the +5 dagger of the Establishment {speed, Str+3 Int+2 Stlth+}
   (You found it on level 2 of the Dungeon)

   Str+3:     It affects your strength (+3).
   Int+2:     It affects your intelligence (+2).
   Stlth+:    It makes you more stealthy.
 t - a +6 rapier of venom (weapon)
Missiles
 n - 5 curare-tipped darts (quivered)
Armour
 b - a +0 leather armour
 d - a +0 helmet (worn)
 o - +0 swamp dragon scales
 q - a +0 cloak (worn)
 r - +0 steam dragon scales (worn)
 A - a +2 kite shield (worn)
Magical Staves
 w - a staff of poison
Jewellery
 l - a ring of protection from fire (right hand)
 p - a ring of poison resistance (left hand)
 D - an amulet of guardian spirit
Wands
 g - a wand of digging (3)
 x - a wand of paralysis (12)
 y - a wand of roots (12)
 H - a wand of flame (16)
Scrolls
 c - 3 scrolls of fog
 e - a scroll of fear
 i - 2 scrolls of blinking
 m - 2 scrolls of poison
 u - 7 scrolls of identify
 F - a scroll of amnesia
 G - a scroll of immolation
 I - a scroll of enchant armour
Potions
 a - 2 potions of invisibility {unknown}
 h - 2 potions of lignification {unknown}
 j - 4 potions of curing
 k - 2 potions of ambrosia
 s - 2 potions of resistance
 z - a potion of brilliance {unknown}
 B - a potion of magic
Miscellaneous
 v - a phantom mirror


   Skills:
 + Level 8.5 Fighting
 + Level 6.7 Short Blades
 - Level 4.0 Maces & Flails
 + Level 4.5 Throwing
 - Level 7.1 Armour
 + Level 8.0 Dodging
 + Level 8.1 Stealth
 + Level 1.0 Shields
 + Level 2.5 Spellcasting
 - Level 3.2 Hexes
 - Level 7.1 Invocations
 + Level 1.9 Evocations


You had 11 spell levels left.
You knew the following spells:

 Your Spells              Type           Power      Damage    Failure   Level
a - Silence               Hex/Air        2%         N/A       100%        5

Your spell library contained the following spells:

 Spells                   Type           Power      Damage    Failure   Level
 Ensorcelled Hibernation  Hex/Ice        10%        N/A       56%         2
 Foxfire                  Conj/Fire      4%         2x1d4     65%         1
 Magic Dart               Conj           4%         1d3       65%         1
 Sting                    Tmut/Pois      4%         1d3       65%         1
 Call Imp                 Summ           2%         N/A       80%         2
 Cigotuvi's Dreadful Rot  Necr/Pois/Air  2%         N/A       80%         2
 Lesser Beckoning         Tloc           2%         N/A       80%         2
 Passwall                 Tmut/Erth      0%         N/A       80%         2
 Poisonous Vapours        Pois/Air       2%         N/A       80%         2
 Dazzling Flash           Conj/Hex       10%        N/A       80%         3
 Gell's Gravitas          Tloc           1%         N/A       95%         3
 Mephitic Cloud           Conj/Pois/Air  1%         N/A       95%         3
 Swiftness                Air            1%         N/A       95%         3
 Teleport Other           Tloc           1%         N/A       95%         3
 Dispel Undead            Necr           1%         3d6       100%        4
 Iskenderun's Mystic Bla  Conj/Tloc      1%         2d3       100%        4
 Olgreb's Toxic Radiance  Pois           1%         N/A       100%        4
 Passage of Golubria      Tloc           1%         N/A       100%        4
 Agony                    Necr           1%         N/A       100%        5
 Alistair's Intoxication  Tmut/Pois      0%         N/A       100%        5
 Borgnjor's Vile Clutch   Necr/Erth      0%         N/A       100%        5
 Death Channel            Necr           0%         N/A       100%        6
 Eringya's Noxious Bog    Tmut/Pois      0%         4d6       100%        6
 Plasma Beam              Fire/Air       0%         2x1d10    100%        6
 Starburst                Conj/Fire      0%         6d3       100%        6
 Disjunction              Tloc           0%         N/A       100%        8
 Lehudib's Crystal Spear  Conj/Erth      0%         10d2      100%        8


Dungeon Overview and Level Annotations

Branches:
Dungeon (10/15)            Temple (1/1) D:4            Lair (2/5) D:9
  Swamp: Lair:2-3    Shoals: Lair:2-3     Snake: Lair:2-3    Spider: Lair:2-3
    Orc: D:9-12

Altars:
Ashenzari
Cheibriados
Dithmenos
Elyvilon
Fedhas
Gozag
Hepliaklqana
Kikubaaqudgha
Makhleb
Nemelex Xobeh
Okawaru
Qazlal
Ru
Sif Muna
Trog
Uskayaw
Vehumet
Wu Jian
Xom
Yredelemnul
Zin
The Shining One

Shops:
D:1 (   D:2 ?   D:8 :   D:9 **

Annotations:
D:4 1 runed translucent door, Crazy Yiuf, Natasha
D:7 Maurice


Message History

The boulder beetle bites you!
You barely miss the boulder beetle.
The boulder beetle is heavily wounded.
You block the rime drake's attack. The boulder beetle bites you!!
You hit the boulder beetle.
The boulder beetle looks as sick as possible!
The boulder beetle is severely wounded.
You block the rime drake's attack. The boulder beetle bites you.
You can now pass through a line of other dancers.
You hit the boulder beetle but do no damage.
The boulder beetle looks as sick as possible!
The boulder beetle is almost dead.
The rime drake misses you. The boulder beetle bites you!
The rime drake misses you.
You are too injured to fight recklessly!
You are too injured to fight recklessly!
Unknown command.
You hit the boulder beetle but do no damage.
The boulder beetle looks as sick as possible!
The boulder beetle is almost dead.
The boulder beetle bites you! You block the rime drake's attack.
You hit the boulder beetle but do no damage.
The boulder beetle looks as sick as possible!
The boulder beetle is almost dead.
The boulder beetle bites you!!
* * * LOW HITPOINT WARNING * * *
You block the rime drake's attack.
You can no longer pass through a line of other dancers.
You hit the boulder beetle but do no damage.
The boulder beetle looks as sick as possible!
The boulder beetle is almost dead.
You kill the boulder beetle!
You block the rime drake's attack.
Your Shields skill increases to level 1!
You closely miss the rime drake. The rime drake breathes ice at you.
You block the icy flash freeze. The rime drake breathes ice at you.
The icy flash freeze hits you!!
You die...

.# .# # ##. .# #
######### #.+#.#^##
.##.##..# ## ##........
.......#####.##.......>.
##..#.....###....k.!....
#####P#......^.@.......
########.##........
###P........ ##.#.P.###
###.### ##


You could see a rime drake (catching breath).

Vanquished Creatures
  Snorg (D:10)
  A centaur warrior (D:10)
  A two-headed ogre (D:10)
  2 boulder beetles (Lair:2)
  A deep elf pyromancer (D:9)
  A manticore (D:10)
  Maggie (D:6)
  An unseen horror (D:10)
  A kobold demonologist (D:10)
  A meliai (D:10)
  A troll (D:10)
  A polar bear (D:10)
  Sigmund (D:2)
  3 centaur simulacra (D:10)
  3 shadows
  6 yaks
  2 wyverns (D:10)
  Grum (D:10)
  2 steam dragons
  A wraith (D:10)
  A vampire mosquito (D:10)
  A water moccasin (Lair:1)
  2 orc warriors
  5 ice beasts
  A sky beast (D:6)
  An ogre (D:6)
  3 wolves (D:9)
  6 centaurs
  Blork the orc (D:6)
  4 kobold brigands
  A bullfrog (shapeshifter) (D:10)
  4 scorpions
  2 gnoll sergeants (D:10)
  10 wights
  14 killer bees
  4 howler monkeys
  2 electric eels
  5 jellies
  A crimson imp (D:5)
  A hound (D:7)
  6 orc priests
  2 gnoll boudas
  2 sleepcaps
  Jessica (D:3)
  6 orc wizards
  Natasha (twice) (D:4)
  2 iguanas
  17 gnolls
  10 adders
  2 shadow imps
  2 white imps
  5 ufetubi
  A worm (D:2)
  A dart slug (D:3)
  31 orcs
  3 ball pythons
  8 endoplasms
  6 giant cockroaches
  4 goblins
  4 hobgoblins
  6 jackals
  3 quokkas
  10 bats
  3 frilled lizards
  12 kobolds
  4 rats
254 creatures vanquished.

Vanquished Creatures (collateral kills)
  A jelly (D:6)
  An ufetubus (D:6)
  An orc (D:6)
3 creatures vanquished.

Vanquished Creatures (others)
  A human (D:6)
1 creature vanquished.

Grand Total: 258 creatures vanquished

Notes
Turn   | Place    | Note
-------+----------+-------------------------------------------
     0 | D:5      | Jannitor the Human Delver began the quest for the Orb.
     0 | D:5      | Reached XP level 1. HP: 18/18 MP: 1/1
     5 | D:5      | Noticed a sleepcap
    29 | D:5      | Noticed an iguana
    39 | D:5      | Noticed a scorpion
    44 | D:4      | Noticed a scorpion
   115 | D:2      | Reached XP level 2. HP: 11/24 MP: 2/2
   211 | D:2      | Identified the +5 dagger of the Establishment {speed, Str+3
                  | Int+2 Stlth+}
   267 | D:2      | Reached XP level 3. HP: 29/29 MP: 3/3
   524 | D:1      | Reached XP level 4. HP: 35/35 MP: 4/4
   572 | D:1      | Found Kafug's Antique Weapon Shoppe.
  1168 | D:2      | Found Arafalips's Magic Scroll Emporium.
  1177 | D:2      | Bought a scroll of teleportation for 42 gold pieces
  1177 | D:2      | Bought a scroll of identify for 28 gold pieces
  1263 | D:2      | Noticed Sigmund
  1281 | D:2      | Killed Sigmund
  1282 | D:2      | Reached skill level 1 in Armour
  1282 | D:2      | Reached XP level 5. HP: 42/42 MP: 5/5
  1282 | D:2      | Reached XP level 6. HP: 48/48 MP: 6/6
  2159 | D:3      | Noticed Jessica
  2171 | D:3      | Killed Jessica
  2712 | D:4      | Noticed an ice beast
  2721 | D:3      | Reached XP level 7. HP: 51/55 MP: 7/7
  3112 | D:4      | Found a staircase to the Ecumenical Temple.
  3118 | Temple   | Entered the Ecumenical Temple
  3123 | Temple   | Upgraded the game from 0.31-a0-1068-g5939ac1fb6 to
                  | 0.31-a0-1072-g202bf7ea07
  3133 | Temple   | Became a worshipper of Uskayaw the Reveller
  3175 | D:4      | Reached * piety under Uskayaw
  3183 | D:4      | Reached ** piety under Uskayaw
  3190 | D:4      | Reached *** piety under Uskayaw
  3203 | D:4      | Reached **** piety under Uskayaw
  3209 | D:4      | Reached skill level 1 in Invocations
  3213 | D:4      | Reached skill level 5 in Fighting
  3215 | D:4      | Reached ***** piety under Uskayaw
  3259 | D:4      | Reached skill level 1 in Short Blades
  3325 | D:4      | Noticed Natasha
  3332 | D:4      | Killed Natasha
  3333 | D:4      | Reached XP level 8. HP: 48/62 MP: 7/9
  3436 | D:4      | Found a runed translucent door.
  3437 | D:4      | Noticed Crazy Yiuf
  3557 | D:4      | Noticed Natasha
  3570 | D:4      | Killed Natasha
  3583 | D:4      | Noticed Natasha
  4163 | D:5      | Found a shimmering altar of Xom.
  4163 | D:5      | Found a burning altar of Makhleb.
  4392 | D:5      | Found a blossoming altar of Fedhas.
  4608 | D:6      | Reached skill level 5 in Dodging
  5182 | D:6      | Reached XP level 9. HP: 7/69 MP: 11/11
  5222 | D:6      | Found an ancient bone altar of Kikubaaqudgha.
  5424 | D:6      | Noticed Maggie
  5437 | D:6      | Noticed Blork the orc
  5438 | D:6      | Killed Maggie
  5444 | D:6      | Killed Blork the orc
  5644 | D:6      | Found a shimmering blue altar of Sif Muna.
  5644 | D:6      | Found a snail-covered altar of Cheibriados.
  6467 | D:6      | Reached skill level 5 in Armour
  7036 | D:7      | Found a basalt altar of Yredelemnul.
  7037 | D:7      | Found a bloodstained altar of Trog.
  7039 | D:7      | Found a hazy altar of Hepliaklqana.
  7039 | D:7      | Found a sparkling altar of Nemelex Xobeh.
  7041 | D:7      | Found a broken altar of Ashenzari.
  7041 | D:7      | Found a radiant altar of Vehumet.
  7041 | D:7      | Found a white marble altar of Elyvilon.
  7042 | D:7      | Found a glowing golden altar of the Shining One.
  7183 | D:7      | Noticed Maurice
  7691 | D:8      | Reached XP level 10. HP: 77/77 MP: 13/13
  7743 | D:8      | Reached skill level 5 in Invocations
  8200 | D:8      | Learned a level 5 spell: Silence
  8214 | D:8      | Found Riockux's Book Shoppe.
  8531 | D:8      | Reached skill level 1 in Hexes
  8904 | D:9      | Found Meyn's General Store.
  8909 | D:9      | Bought a scroll of enchant armour for 97 gold pieces
  9112 | D:9      | Noticed a deep elf pyromancer
  9119 | D:9      | Killed a deep elf pyromancer
  9120 | D:9      | Reached skill level 5 in Short Blades
  9120 | D:9      | Reached skill level 1 in Throwing
  9168 | D:9      | Found a stormy altar of Qazlal.
  9191 | D:9      | Found Tiroast's Overcharged Wands.
  9395 | D:9      | Found a staircase to the Lair.
  9983 | D:10     | Entered Level 10 of the Dungeon
 10109 | D:10     | Noticed a manticore
 10111 | D:10     | Reached XP level 11. HP: 84/84 MP: 15/15
 10116 | D:10     | Killed a manticore
 10147 | D:10     | Noticed Grum
 10483 | D:10     | Killed Grum
 10610 | D:10     | Paralysed by a centaur for 3 turns
 10662 | D:10     | Noticed a centaur warrior
 10664 | D:10     | Noticed a two-headed ogre
 10926 | D:10     | Killed a two-headed ogre
 10932 | D:10     | Noticed Snorg
 11135 | D:10     | Reached skill level 1 in Spellcasting
 11282 | D:10     | Killed Snorg
 11564 | D:10     | Got Jatenk Ytou's Writings on Relocation
 12041 | D:10     | Identified the staff "Oniphyqi" {Int+3 Conj}
 12131 | D:10     | Killed a centaur warrior
 12132 | D:10     | Reached skill level 1 in Evocations
 12132 | D:10     | Reached XP level 12. HP: 27/94 MP: 17/17
 12703 | Lair:1   | Entered Level 1 of the Lair of Beasts
 13027 | Lair:1   | You fall into a shaft and drop 1 floor!
 13027 | Lair:2   | Noticed a boulder beetle
 13042 | Lair:2   | Killed a boulder beetle
 13102 | Lair:2   | Noticed a boulder beetle
 13117 | Lair:2   | Killed a boulder beetle
 13118 | Lair:2   | Reached skill level 1 in Shields
 13118 | Lair:2   | Killed from afar by a rime drake

Illustrated notes

Levels and vault maps discovered:
D:1:      onia_arrival_mini_maze_b, layout_basic, serial_shops,
          nicolae_shop_behind_doors, minmay_tetromino_o4
D:2:      layout_loops_cross, serial_shops, nicolae_square_shop, uniq_sigmund
D:3:      layout_loops_ring, serial_co_window_serial,
          co_window_of_opportunity_a, co_window_cross_1, co_window_paths_a,
          co_window_of_opportunity_a, co_window_corner_a, co_window_corner_a,
          co_window_corner_a, co_window_of_opportunity_a, co_window_paths_b,
          co_window_broadway_b, co_window_corner_b, co_window_2corner,
          co_window_4corner_b, glass_columns_b, uniq_jessica
D:4:      layout_basic, minmay_temple_entry_enclosed_plants,
          uniq_crazy_yiuf_cottage, uniq_natasha
D:5:      layout_loops_ring, grunt_temple_overflow_champion_of_chaos,
          marbit_many_paths
D:6:      layout_loops_ring, tgw_kikubaaqudgha, nicolae_overflow_two_pavilions,
          uniq_maggie, uniq_blork_the_orc
D:7:      layout_basic, grunt_temple_overflow_open, uniq_maurice
D:8:      layout_loops_ring, serial_shops, shop, hangedman_abyss_or_decor_stabs,
          chequers_serial_rivers_micro_b, kennysheep_path_1,
          serial_library_hellmonk_u_bend, kb_lookout_dungeons_type,
          kennysheep_generic_room_6
D:9:      layout_small_grid, grunt_qazlal_clouds, dpeg_oklobed_lair,
          serial_shops, shop, minmay_misc_feat_rugged,
          nicolae_shop_overcharged_wands
D:10:     minmay_the_grid_net [minmay_the_grid_stretched_grid,
          minmay_the_grid_garden, minmay_the_grid_broken_lines,
          minmay_the_grid_doors, minmay_the_grid_mess,
          minmay_the_grid_prize_trominoes], layout_rooms, serial_ice,
          serial_ice_b, serial_ice_j, serial_ice_c, serial_ice_e,
          hangedman_decor_push, grunt_ministairs_15, uniq_grum, uniq_snorg
Temple:   hellmonk_temple_of_storms
Lair:1:   layout_regular_city, serial_bayou_lagoon_a,
          chequers_serial_rivers_room_a
Lair:2:   layout_roguey, spider_nest_entry_funnel_web,
          infiniplex_staircase_pool, grunt_megastairs_3

Skill      XL: |  1  2  3  4  5  6  7  8  9 10 11 12 |
---------------+-------------------------------------+-----
Fighting       | 4 5 6 7 8 |  8.5
Maces & Flails | 3 4 |  4.0
Armour         | 1 2 3 4 5 6 7 |  7.1
Dodging        | 3 4 5 6 7 8 |  8.0
Invocations    | 1 3 4 5 7 |  7.1
Short Blades   | 1 2 4 5 6 |  6.7
Stealth        | 6 7 8 |  8.1
Hexes          | 2 3 |  3.2
Throwing       | 2 4 |  4.5
Spellcasting   | 2 |  2.5
Evocations     | 1 |  1.9
Shields        | 1 |  1.0

Action                     |  1- 3 |  4- 6 |  7- 9 | 10-12 || total
---------------------------+-------+-------+-------+-------++-------
  Melee: Mace              |    18 |       |       |       ||    18
         Dagger            |    26 |   101 |   466 |   450 ||  1043
         Punch             |       |       |     9 |     8 ||    17
         Rapier            |       |       |       |   148 ||   148
  Throw: Dart              |       |     4 |     3 |     1 ||     8
  Evoke: Wand              |       |       |     6 |    32 ||    38
    Use: Scroll            |     1 |     3 |     9 |    15 ||    28
         Potion            |     1 |       |     5 |     9 ||    15
   Stab: Sleeping          |     9 |    12 |    15 |     7 ||    43
         Distracted        |       |     1 |       |     1 ||     2
         Paralysed         |       |       |    14 |    34 ||    48
 Armour: Leather armour    |    16 |    25 |    99 |       ||   140
         Swamp dragon scal |       |       |    82 |   364 ||   446
         Steam dragon scal |       |       |       |    13 ||    13
  Dodge: Dodged            |    22 |    43 |   195 |   422 ||   682
  Block: Kite shield       |       |       |       |    15 ||    15

Table legend: (Time is in decaauts)
 A = Elapsed time spent in this place.
 B = Non-inter-level travel time spent in this place.
 C = Inter-level travel time spent in this place.
 D = Time resting spent in this place.
 E = Time spent auto-exploring this place.
 F = Levels seen in this place.
 G = Mean time per level.
                   A        B        C        D        E       F      G
               +--------+--------+--------+--------+--------+-----+--------+
         Total |  12653 |  12326 |    327 |   2936 |   7198 |  13 |  973.3 |
       Dungeon |  12210 |  11884 |    326 |   2936 |   6885 |  10 | 1221.0 |
        Temple |     26 |     26 |      0 |      0 |      0 |   1 |   26.0 |
          Lair |    415 |    415 |      0 |      0 |    312 |   2 |  207.5 |
               +--------+--------+--------+--------+--------+-----+--------+

Top non-repeatable levels by time:
    D:10: 2233 daAuts
     D:6: 1968 daAuts
     D:9: 1475 daAuts
     D:8: 1157 daAuts
     D:3: 1144 daAuts
     D:7: 975 daAuts
     D:5: 938 daAuts
     D:4: 841 daAuts
     D:2: 738 daAuts
     D:1: 737 daAuts
  Lair:1: 324 daAuts
  Lair:2: 91 daAuts
  Temple: 26 daAuts
